 Dungeon Crawl Stone Soup version 0.24.0-123-gd5b16e6ec5 (webtiles) character file.

Game seed: 2329478171797976652, levelgen mode: deterministic

512 FishyPogo the Shield-Bearer (level 6, -7/49 HPs)
             Began as a Demonspawn Fighter on Jan 25, 2020.
             Was an Initiate of Gozag.
             Mangled by an orc warrior
             ... wielding a +0 glaive
              (18 damage)
             ... on level 6 of the Dungeon.
             The game lasted 00:09:40 (4003 turns).

FishyPogo the Shield-Bearer (Demonspawn Fighter)    Turns: 4003, Time: 00:09:41

Health: -7/49      AC:  8    Str: 19    XL:     6   Next: 99%
Magic:  0/6        EV:  7    Int:  9    God:    Gozag
Gold:   379        SH: 11    Dex: 12    Spells: 5/5 levels left

rFire    . . .     SeeInvis .   a - +0 rapier
rCold    + . .     Gourm    .   c - +1 shield
rNeg     . . .     Faith    .   b - +0 scale mail
rPois    .         Spirit   +   (no helmet)
rElec    +         Reflect  .   y - scarf {Spirit}
rCorr    .         Harm     .   (no gloves)
MR       +....     NoCast   +   z - +0 pair of boots "Azethrus" {-Cast +Fly rElec MR+}
Stlth    ..........             o - amulet of regeneration
HPRegen  0.56/turn              (no ring)
MPRegen  0.10/turn              (no ring)

@: hasted, very quick
A: claws 1, cold resistance 1, rot immunity
a: Potion Petition, Call Merchant, Bribe Branch, Renounce Religion, Evoke Flight


You were on level 6 of the Dungeon.
You worshipped Gozag.
Gozag was aware of your devotion.
You were not hungry.

You visited 1 branch of the dungeon, and saw 6 of its levels.

You collected 379 gold pieces.

Inventory:

Hand Weapons
 a - a +0 rapier (weapon)
Missiles
 e - 150 stones (quivered)
 p - 8 javelins
 r - 8 poisoned darts
Armour
 b - a +0 scale mail (worn)
 c - a +1 shield (worn)
 t - a +0 pair of boots
 y - a scarf of spirit shield (worn)
 z - the +0 pair of boots "Azethrus" (worn) {-Cast +Fly rElec MR+}
   (You found it on level 5 of the Dungeon)

   It insulates you from electricity.
   It affects your resistance to hostile enchantments.
   It lets you fly.
   It prevents spellcasting.
Jewellery
 o - an amulet of regeneration (around neck)
Scrolls
 g - 10 scrolls of identify
 h - 2 scrolls of enchant armour
 m - a scroll of random uselessness {unknown}
 q - a scroll of fear {unknown}
 u - 5 scrolls of remove curse
 w - a scroll of teleportation
 x - a scroll of amnesia {unknown}
 A - a scroll of enchant weapon {unknown}
Potions
 d - a potion of might
 i - a potion of berserk rage {unknown}
 j - 3 potions of haste
 k - 5 potions of lignification
 l - a potion of magic {unknown}
 n - a potion of flight {unknown}
 s - a potion of agility
 v - a potion of heal wounds {unknown}
Comestibles
 f - 4 rations


   Skills:
 + Level 4.7 Fighting
 - Level 2.0 Short Blades
 + Level 4.2 Armour
 * Level 5.4 Shields


You had 5 spell levels left.
You didn't know any spells.
Your spell library was empty.

Dungeon Overview and Level Annotations

Branches:
Dungeon (6/15)             Temple (0/1) D:5

Altars:
Elyvilon
Gozag
Sif Muna
Uskayaw

Shops:
D:3 *   D:5 (

Annotations:
D:5 2 transporters, Xerdoz's ghost, novice OpTm


Innate Abilities, Weirdness & Mutations

You have sharp fingernails.
Your flesh is cold resistant. (rC+)
You are immune to rotting.


Message History

You block the orc warrior's attack.
You closely miss the orc warrior.
The orc warrior is heavily wounded.
You block the orc warrior's attack.
You hit the orc warrior but do no damage.
The orc warrior is heavily wounded.
The orc warrior hits you but does no damage.
You hit the orc warrior but do no damage.
The orc warrior is heavily wounded.
The orc warrior hits you with a +0 glaive.
You hit the orc warrior but do no damage.
The orc warrior is heavily wounded.
It was a potion of haste.
You feel yourself speed up.
The orc warrior hits you with a +0 glaive!
* * * LOW HITPOINT WARNING * * *
You hit the orc warrior but do no damage.
The orc warrior is heavily wounded.
The orc warrior hits you with a +0 glaive!!
You die...
Your body crumbles into a pile of gold.

#########
........##
####.....#
.%...[.<.#
####.....### ###.#
...........##oooo..
######.....@oo#
#.#.#.##.# ...#.#.#
# ###.#.#(# #.#.#.#
#.#.# #.#.# #.#.# $


You could see an orc warrior, an orc wizard and 4 orcs.

Vanquished Creatures
  A hippogriff (D:5)
  2 phantoms
  Jessica (D:2)
  A worker ant zombie (D:5)
  4 adders
  2 oozes (D:2)
  An adder skeleton (D:4)
  3 worms
  A leopard gecko (D:5)
  5 orcs
  7 giant cockroaches
  6 goblins
  7 hobgoblins
  4 jackals (D:4)
  7 kobolds
  2 quokkas
  A ball python (D:2)
  9 bats
  3 frilled lizards
  7 rats
74 creatures vanquished.

Vanquished Creatures (others)
  4 plants (D:5)
4 creatures vanquished.

Grand Total: 78 creatures vanquished

Notes
Turn   | Place    | Note
-------+----------+-------------------------------------------
     0 | D:1      | FishyPogo the Demonspawn Fighter began the quest for the
                  | Orb.
     0 | D:1      | Reached XP level 1. HP: 18/18 MP: 1/1
    81 | D:1      | Gained mutation: You have sharp fingernails. [demonic
                  | ancestry]
    81 | D:1      | Reached XP level 2. HP: 16/24 MP: 2/2
    95 | D:1      | Reached skill level 3 in Shields
   653 | D:2      | Noticed Jessica
   685 | D:2      | Killed Jessica
   685 | D:2      | Reached XP level 3. HP: 10/29 MP: 3/3
  1293 | D:2      | Gained mutation: Your flesh is cold resistant. (rC+)
                  | [demonic ancestry]
  1293 | D:2      | Reached XP level 4. HP: 22/35 MP: 4/4
  1515 | D:2      | Found a shimmering blue altar of Sif Muna.
  1551 | D:3      | Found Gozag's Platinum Reserve.
  1556 | D:3      | Found an opulent altar of Gozag.
  1594 | D:3      | Noticed a phantom
  1675 | D:3      | Killed a phantom
  1675 | D:3      | Reached skill level 4 in Shields
  1675 | D:3      | Reached XP level 5. HP: 28/42 MP: 5/5
  2041 | D:3      | Found a hide-covered altar of Uskayaw.
  2042 | D:3      | Found a white marble altar of Elyvilon.
  2365 | D:3      | Found a faded altar of an unknown god.
  2368 | D:3      | Became a worshipper of Gozag Ym Sagoz the Greedy
  3206 | D:5      | Entered Level 5 of the Dungeon
  3304 | D:5      | Found Reskoosh's Weapon Boutique.
  3312 | D:5      | Noticed a phantom
  3379 | D:5      | Killed a phantom
  3379 | D:5      | Gained mutation: You are immune to rotting. [demonic
                  | ancestry]
  3379 | D:5      | Reached XP level 6. HP: 30/48 MP: 3/6
  3462 | D:5      | Noticed a hippogriff
  3465 | D:5      | Found a staircase to the Ecumenical Temple.
  3483 | D:5      | Killed a hippogriff
  3483 | D:5      | Reached skill level 5 in Shields
  3603 | D:5      | Found a transporter.
  3630 | D:5      | Noticed Xerdoz's ghost (novice OpTm)
  3641 | D:5      | Got a pair of brightly glowing boots
  3646 | D:5      | Found a transporter.
  3657 | D:5      | Identified the +0 pair of boots "Azethrus" {-Cast +Fly
                  | rElec MR+} (You found it on level 5 of the Dungeon)
  3873 | D:5      | Identified the +2 ring mail of Paynycsa {*Contam +Blink
                  | rF++ Str+3}
  3977 | D:6      | Noticed an orc warrior
  4003 | D:6      | Mangled by an orc warrior

Levels and vault maps discovered:
D:1:      beargit_arrival_greenhouse, layout_basic, st_stairs_14
D:2:      layout_basic, first_ration, lemuel_blue_sif_altar, uniq_jessica
D:3:      layout_basic, nicolae_gozag_zags_fifth_avenue,
          chequers_temple_overflow_statue_of_worship,
          chequers_ecumenical_altar_grove
D:4:      layout_basic
D:5:      layout_loops_ring, minmay_temple_entry_glass, serial_shops, shop,
          gammafunk_ghost_gnarly_gnolls
D:6:      layout_loops_ring, yredelemnul_altar_generic, lemuel_doored_altar

Skill      XL: |  1  2  3  4  5  6 |
---------------+-------------------+-----
Short Blades   | 2 |  2.0
Shields        | 3 4 5 |  5.4
Armour         | 3 4 |  4.2
Fighting       | 4 |  4.7

Action                   |  1- 3 |  4- 6 || total
-------------------------+-------+-------++-------
Melee: Rapier            |    80 |   238 ||   318
       Spear             |    77 |       ||    77
Throw: Stone             |       |    26 ||    26
 Abil: Evoke Flight      |       |     1 ||     1
  Use: Scroll            |     5 |       ||     5
       Potion            |       |     1 ||     1
  Eat: Chunk             |     1 |     4 ||     5
       Ration            |       |     2 ||     2
Armor: Scale mail        |    62 |    87 ||   149
Dodge: Dodged            |    26 |    58 ||    84
Block: Shield            |    68 |   132 ||   200
